 Dungeon Crawl Stone Soup version 0.32-a0-909-gc671339a80 (webtiles) character file.

Game seed: 6249080384697964858

3342 GiantSquids the Skirmisher (level 10, -2/67 HPs)
             Began as a Coglin Hunter on Apr 7, 2024.
             Was a Believer of Nemelex Xobeh.
             Slain by an orc warrior
             ... wielding a +1 scimitar of flaming
              (4 damage)
             ... on level 8 of the Dungeon.
             The game lasted 00:07:23 (5838 turns).

GiantSquids the Skirmisher (Coglin Hunter)          Turns: 5838, Time: 00:07:24

Health: -2/67      AC:  4    Str: 13    XL:     10   Next: 2%
Magic:  10/10      EV: 11    Int:  8    God:    Nemelex Xobeh [**....]
Gold:   517        SH:  0    Dex: 21    Spells: 9/9 levels left

rFire   . . .        a - +2 sling {Xiloxoch}
rCold   . . .        d - +0 sling {Kaede}
rNeg    . . .        r - +2 robe {Will+}
rPois   .            (no helmet)
rElec   .            (no cloak)
rCorr   .            (no gloves)
SInv    .            (no boots)
Will    +....        (amulet unavailable)
Stlth   ++           (ring unavailable)
HPRegen 0.31/turn    (ring unavailable)
MPRegen 0.12/turn    (no gizmo)

%: no passive effects
@: revved
A: off-hand wielding, slow wielding, warmup strikes, no jewellery
a: Invent Gizmo, Renounce Religion, Draw Escape, Draw Destruction, Draw
Summoning


You were on level 8 of the Dungeon.
You worshipped Nemelex Xobeh.
Nemelex Xobeh was pleased with you.
You visited 1 branch of the dungeon, and saw 8 of its levels.
You also visited: Sewer.

You collected 517 gold pieces.

Inventory:

Hand Weapons
 a - a +2 sling (weapon) {Xiloxoch}
 d - a +0 sling (offhand) {Kaede}
Armour
 r - a +2 robe of willpower (worn)
Wands
 q - a wand of polymorph (6)
 w - a wand of digging (7)
 x - a wand of flame (24)
 A - a wand of roots (25)
Scrolls
 b - 2 scrolls of butterflies
 c - a scroll of torment {unknown}
 f - 2 scrolls of vulnerability {unknown}
 g - 4 scrolls of enchant weapon {unknown}
 i - 2 scrolls of fear {unknown}
 j - a scroll of revelation {unknown}
 m - 3 scrolls of brand weapon {unknown}
 n - a scroll of fog {unknown}
 p - 2 scrolls of noise {unknown}
 t - a scroll of immolation {unknown}
 v - 2 scrolls of identify {unknown}
 y - 2 scrolls of amnesia {unknown}
 B - a scroll of silence {unknown}
 C - a scroll of blinking {unknown}
Potions
 e - 5 potions of brilliance {unknown}
 h - 2 potions of degeneration {unknown}
 k - a potion of lignification {unknown}
 l - a potion of ambrosia {unknown}
 o - a potion of haste {unknown}
 s - a potion of curing {unknown}
 u - 4 potions of might {unknown}
 z - 2 potions of attraction {unknown}


   Skills:
 - Level 2.0 Fighting
 + Level 13.1 Ranged Weapons
 - Level 1.7 Dodging
 - Level 0.7 Stealth


You had 9 spell levels left.
You didn't know any spells.
Your spell library contained the following spells:

 Spells                   Type           Power      Damage    Failure   Level
 Magic Dart               Conj           0%         1d3       41%         1
 Mercury Vapours          Alch/Air       0%         N/A       54%         2
 Scorch                   Fire           0%         2d5       54%         2
 Searing Ray              Conj           0%         2d4       54%         2
 Static Discharge         Conj/Air       0%         3-3/arc   54%         2
 Frozen Ramparts          Ice            0%         1d1       78%         3
 Mephitic Cloud           Conj/Alch/Air  0%         N/A       78%         3
 Ozocubu's Armour         Ice            0%         N/A       78%         3
 Airstrike                Air            0%         2d(0-16)  99%         4
 Flame Wave               Conj/Fire      0%         2d4       99%         4
 Fulminant Prism          Conj/Alch      0%         3d5       99%         4
 Summon Lightning Spire   Summ/Air       0%         N/A       99%         4
 Freezing Cloud           Conj/Ice/Air   0%         6-21      100%        5
 Metabolic Englaciation   Hex/Ice        0%         N/A       100%        5
 Summon Cactus Giant      Summ           0%         N/A       100%        6


Dungeon Overview and Level Annotations

Branches:
Dungeon (8/15)             Temple (0/1) D:6           Sewer (visited)
   Lair: D:8-11

Altars:
Cheibriados
Dithmenos
Makhleb
Nemelex Xobeh
Okawaru
Qazlal
Uskayaw
Wu Jian

Annotations:
D:8 3 runed translucent doors, audacious124's ghost, novice DrSh


Innate Abilities, Weirdness & Mutations

You can wield a second weapon in your off-hand.
It takes a long time for you to wield or remove held weapons.
Your first few attacks do less damage.
You cannot equip rings or amulets.


Message History

You shoot a sling bullet.
The sling bullet hits the orc warrior but does no damage.
The orc warrior is lightly wounded.
The orc warrior closely misses you.
You shoot a sling bullet.
The sling bullet hits the orc warrior but does no damage.
The orc warrior is lightly wounded.
You shoot a sling bullet.
The sling bullet hits the orc warrior but does no damage.
The orc warrior is lightly wounded.
You shoot a sling bullet.
The sling bullet completely misses the orc warrior.
You shoot a sling bullet. The sling bullet hits the orc warrior!
The orc warrior is moderately wounded.
The orc warrior hits you with a +1 scimitar of flaming.
The orc warrior burns you.
You shoot a sling bullet.
The sling bullet hits the orc warrior but does no damage.
The orc warrior is moderately wounded.
You shoot a sling bullet.
The sling bullet barely misses the orc warrior.
The orc warrior hits you with a +1 scimitar of flaming!
The orc warrior burns you.
You shoot a sling bullet.
The sling bullet closely misses the orc warrior.
You shoot a sling bullet.
The sling bullet closely misses the orc warrior.
The orc warrior hits you with a +1 scimitar of flaming.
* * * LOW HITPOINT WARNING * * *
The orc warrior burns you.
* * * LOW HITPOINT WARNING * * *
You shoot a sling bullet. The sling bullet hits the orc warrior!
The orc warrior is heavily wounded.
You shoot a sling bullet.
The sling bullet closely misses the orc warrior.
The orc warrior hits you with a +1 scimitar of flaming!
* * * LOW HITPOINT WARNING * * *
The orc warrior burns you.
You die...
Your body glows slightly and disappears.

..#.#####.(....(#
#.......###+++###
#.#..#.#<.......#
#....#.##.......#
#.#..............
#...<############
#....#
.###.###.#..#
#....)o@##.##
#.########.# #.#
>.# ###


You could see an orc warrior.

Vanquished Creatures
  Sigmund (D:2)
  A steam dragon (D:6)
  Menkaure (D:4)
  2 water moccasins
  An orc warrior (D:7)
  Pargi (Sewer)
  2 black bears
  3 ice beasts
  3 ogres
  A sky beast (D:6)
  A centaur (D:6)
  A kobold brigand (D:8)
  4 bullfrogs
  A gnoll sergeant (D:8)
  A scorpion (D:6)
  7 wights (D:7)
  2 orc priests
  A bombardier beetle (D:5)
  6 hounds
  3 iguanas
  Jessica (D:3)
  2 sleepcaps (D:4)
  4 orc wizards
  Natasha (thrice) (D:3)
  3 gnolls
  11 adders
  A shadow imp (D:6)
  2 ufetubi (D:6)
  3 dart slugs
  5 ribbon worms
  21 orcs
  An endoplasm (D:4)
  3 giant cockroaches
  4 goblins
  7 hobgoblins
  11 jackals
  6 kobolds
  3 quokkas
  3 ball pythons
  A bat (D:1)
  2 frilled lizards
  5 rats
145 creatures vanquished.

Vanquished Creatures (others)
  A gnoll (D:6)
1 creature vanquished.

Grand Total: 146 creatures vanquished

Notes
Turn   | Place    | Note
-------+----------+-------------------------------------------
     0 | D:1      | GiantSquids the Coglin Hunter began the quest for the Orb.
     0 | D:1      | Reached XP level 1. HP: 16/16 MP: 1/1
   476 | D:1      | Reached skill level 4 in Ranged Weapons
   476 | D:1      | Reached XP level 2. HP: 22/22 MP: 2/2
   657 | D:2      | Noticed Sigmund
   668 | D:2      | Killed Sigmund
   669 | D:2      | Reached skill level 6 in Ranged Weapons
   669 | D:2      | Reached XP level 3. HP: 4/27 MP: 3/3
   669 | D:2      | Reached XP level 4. HP: 5/33 MP: 4/4
   669 | D:2      | Reached XP level 5. HP: 6/38 MP: 5/5
  1208 | D:3      | Found a faded altar of an unknown god.
  1265 | D:3      | Noticed Natasha
  1273 | D:3      | Killed Natasha
  1274 | D:3      | Reached XP level 6. HP: 40/44 MP: 6/6
  1403 | D:3      | Found a glowing drain.
  1433 | Sewer    | Entered a sewer
  1511 | Sewer    | Noticed Pargi
  1519 | Sewer    | Killed Pargi
  1520 | Sewer    | Reached skill level 7 in Ranged Weapons
  1723 | D:3      | Found a sparkling altar of Nemelex Xobeh.
  1734 | D:3      | Noticed Jessica
  1735 | D:3      | Became a worshipper of Nemelex Xobeh the Trickster
  1738 | D:3      | Killed Jessica
  1764 | D:3      | Noticed Natasha
  1771 | D:3      | Killed Natasha
  1829 | D:3      | Noticed Natasha
  1833 | D:3      | Killed Natasha
  1891 | D:3      | Found a burning altar of Makhleb.
  1891 | D:3      | Found a snail-covered altar of Cheibriados.
  1989 | D:4      | Noticed Menkaure
  1996 | D:4      | Killed Menkaure
  1997 | D:4      | Reached XP level 7. HP: 26/50 MP: 7/7
  2225 | D:4      | Reached skill level 8 in Ranged Weapons
  2357 | D:4      | Found an iron altar of Okawaru.
  2629 | D:4      | You fall into a shaft and drop 3 floors!
  2763 | D:6      | Reached skill level 9 in Ranged Weapons
  2763 | D:6      | Reached XP level 8. HP: 56/56 MP: 8/8
  3091 | D:6      | Reached * piety under Nemelex Xobeh
  3094 | D:5      | Entered Level 5 of the Dungeon
  3163 | D:5      | Reached skill level 10 in Ranged Weapons
  3278 | D:5      | Noticed a +0 short sword
  3279 | D:5      | Noticed a +0 short sword
  3279 | D:5      | Noticed a +0 dagger
  3280 | D:5      | Noticed a +0 falchion
  3280 | D:5      | Noticed a +0 spear
  3280 | D:5      | Noticed a +0 spear
  3281 | D:5      | Noticed a +0 falchion
  3281 | D:5      | Noticed a +0 dagger
  3302 | D:5      | Found a hide-covered altar of Uskayaw.
  3466 | D:5      | Identified the +0 mace of the Forest {venom, ^Fragile rN+
                  | Dex+3}
  3622 | D:5      | Received a gift from Nemelex Xobeh
  3986 | D:5      | Reached XP level 9. HP: 61/61 MP: 9/9
  4051 | D:5      | Reached skill level 11 in Ranged Weapons
  4615 | D:6      | Identified the +4 mace of the Globe {antimagic, rF+ Will-
                  | Int+3}
  4704 | D:6      | Found a staircase to the Ecumenical Temple.
  4805 | D:6      | Found an ornate altar of the Wu Jian Council.
  4851 | D:6      | Found a stormy altar of Qazlal.
  4976 | D:6      | Reached ** piety under Nemelex Xobeh
  5236 | D:7      | Reached skill level 12 in Ranged Weapons
  5582 | D:7      | Found a shadowy altar of Dithmenos.
  5794 | D:8      | Noticed audacious124's ghost (novice DrSh)
  5794 | D:8      | Found a runed translucent gate.
  5794 | D:8      | Found a runed translucent gate.
  5794 | D:8      | Found a runed translucent gate.
  5815 | D:8      | Reached skill level 13 in Ranged Weapons
  5815 | D:8      | Reached XP level 10. HP: 61/67 MP: 10/10
  5838 | D:8      | HP: 2/67 [orc warrior/+1 scimitar of flaming (16)]
  5838 | D:8      | Slain by an orc warrior

Illustrated notes

Levels and vault maps discovered:
D:1:      amcnicky_arrival_choice, layout_basic, serial_corexii_hall,
          chequers_hall_statues_corner_a, corexii_hall_statues_i,
          chequers_hall_statues_y, chequers_hall_statues_y
D:2:      layout_rooms, uniq_sigmund
D:3:      layout_rooms, gammafunk_temple_overflow_elements,
          mainiacjoe_overflow_tiny_flanked,
          dreamdust_ecumenical_altar_angels_and_demons,
          cheibrodos_sewer_entry_bend, minmay_cut_off, uniq_jessica,
          uniq_natasha
D:4:      layout_gridville, hellmonk_okawaru_the_only_friend_you_need,
          uniq_menkaure
D:5:      layout_layer_cave, nicolae_uskayaw_en_pointe, kennysheep_nub,
          minmay_starry_boxes
D:6:      layout_loops_ring, lemuel_coloured_pillars_altar, old_standard_altar,
          minmay_temple_entry_glass, kb_lookout_dungeons_type
D:7:      layout_rooms, mainiacjoe_overflow_alcove_1, serial_corexii_hall,
          corexii_hall_statues_deadend, chequers_hall_statues_wall_a
D:8:      layout_basic, mainiacjoe_overflow_concentric_impassable,
          overflow_temple_1_default, ebering_ghost_rock_garden,
          hangedman_decor_lopped, reono_crystal_passage, minmay_checkerbox

Skill      XL: |  1  2  3  4  5  6  7  8  9 |
---------------+----------------------------+-----
Ranged Weapons | 4 6 7 9 10 13 | 13.1
Fighting       | |  2.0
Dodging        | |  1.7
Stealth        | |  0.7

Action                     |  1- 3 |  4- 6 |  7- 9 | 10-12 || total
---------------------------+-------+-------+-------+-------++-------
   Fire: Sling             |    52 |   210 |   756 |    42 ||  1060
 Armour: Leather armour    |     7 |    26 |       |       ||    33
         Robe              |       |     1 |   113 |     6 ||   120
  Dodge: Dodged            |     5 |    28 |    83 |     4 ||   120

Table legend: (Time is in decaauts)
 A = Elapsed time spent in this place.
 B = Non-inter-level travel time spent in this place.
 C = Inter-level travel time spent in this place.
 D = Time resting spent in this place.
 E = Time spent auto-exploring this place.
 F = Levels seen in this place.
 G = Mean time per level.
                   A        B        C        D        E       F      G
               +--------+--------+--------+--------+--------+-----+--------+
         Total |   5815 |   5671 |    144 |      3 |   4645 |   9 |  646.1 |
       Dungeon |   5630 |   5486 |    144 |      3 |   4511 |   8 |  703.8 |
         Sewer |    185 |    185 |      0 |      0 |    134 |   1 |  185.0 |
               +--------+--------+--------+--------+--------+-----+--------+

Top non-repeatable levels by time:
     D:5: 1264 daAuts
     D:6: 1109 daAuts
     D:7: 743 daAuts
     D:1: 661 daAuts
     D:3: 655 daAuts
     D:4: 644 daAuts
     D:2: 514 daAuts
   Sewer: 185 daAuts
     D:8: 37 daAuts
